 Dungeon Crawl Stone Soup version 0.30-a0-824-g6c64550be9 (webtiles) character file.

Game seed: 9790201796820678773

882 qeuew the Slasher (level 7, -3/55 HPs)
             Began as a Demonspawn Monk on Feb 27, 2023.
             Killed by divine providence
             ... invoked by an orc priest
              (12 damage)
             ... on level 5 of the Dungeon.
             The game lasted 00:04:07 (3512 turns).

qeuew the Slasher (Demonspawn Monk)                 Turns: 3512, Time: 00:04:08

Health: -3/55      AC:  5    Str: 11    XL:     7   Next: 76%
Magic:  7/7        EV: 12    Int: 11    God:
Gold:   344        SH:  0    Dex: 18    Spells: 6/6 levels left

rFire   . . .      SeeInvis .    a - +1 falchion
rCold   . . .      Faith    .    (no shield)
rNeg    . . .      Spirit   .    l - +1 ring mail
rPois   .          Reflect  .    (no helmet)
rElec   .          Harm     .    (no cloak)
rCorr   .          Rampage  .    (no gloves)
Will    .....                    (no boots) Stlth
                                 (no amulet)
HPRegen 0.29/turn                (no ring)
MPRegen 0.10/turn                (no ring)

@: confused, ambrosia-drunk, corroded, on berserk cooldown, slowed, very slow
A: thin metallic scales 1, ignite blood 1, spiny 2
a: no special abilities


You were on level 5 of the Dungeon.
You visited 1 branch of the dungeon, and saw 5 of its levels.

You collected 344 gold pieces.

Inventory:

Hand Weapons
 a - a +1 falchion (weapon)
Armour
 l - a +1 ring mail (worn)
Scrolls
 b - a scroll of enchant weapon
 d - 3 scrolls of fog
 e - 5 scrolls of amnesia
Potions
 f - a potion of flight
 h - 3 potions of haste
 m - a potion of curing
 n - a potion of might
 o - a potion of resistance


   Skills:
 + Level 4.6 Fighting
 * Level 5.3 Long Blades
 * Level 4.4 Armour
 + Level 4.2 Dodging
 - Level 1.7 Stealth


You had 6 spell levels left.
You didn't know any spells.
Your spell library contained the following spells:

 Spells                   Type           Power      Damage    Failure   Level
 Necrotise                Necr           0%         1d4       61%         1
 Slow                     Hex            0%         N/A       61%         1
 Ensorcelled Hibernation  Hex/Ice        0%         N/A       75%         2
 Confusing Touch          Hex            0%         N/A       93%         3
 Vampiric Draining        Necr           0%         2d6       93%         3
 Agony                    Necr           0%         N/A       100%        5
 Summon Mana Viper        Hex/Summ       0%         N/A       100%        5
 Summon Cactus Giant      Summ           0%         N/A       100%        6
 Monstrous Menagerie      Summ           0%         N/A       100%        7


Dungeon Overview and Level Annotations

Branches:
Dungeon (5/15)
 Temple: D:4-7

Altars:
Cheibriados
Qazlal

Shops:
D:3 *

Annotations:
D:3 1 runed translucent door, patfeehan111222's ghost, novice MiBe


Innate Abilities, Weirdness & Mutations

You are partially covered in thin metallic scales. (AC +2)
Your demonic aura sometimes causes spilled blood to erupt in flames.
You are mostly covered in sharp spines.


Message History

The orc wizard casts a spell.
The orc wizard flickers and vanishes!
You completely miss the orc priest. The orc hits you with a +0 flail.
* * * LOW HITPOINT WARNING * * *
The orc priest miscasts a cantrip.
An orc priest comes into view. It is wielding a +0 short sword.
An orc comes into view. It is wielding a +0 hand axe.
Something hits you but does no damage.
You barely miss the orc priest. You slash the orc priest!
The orc priest is heavily wounded.
The orc misses you.
You hear some strange, mumbled words.
Something tries to affect you, but you resist.
The orc priest looks braver for a moment.
You hit the orc priest.
The orc priest is heavily wounded.
The orc hits you but does no damage.
The orc priest is struck by your spines.
The orc priest closely misses you. Something hits you.
* * * LOW HITPOINT WARNING * * *
You closely miss the orc priest.
The orc priest is severely wounded.
You are no longer berserk.
You are exhausted.
You feel yourself slow down.
Okay, then.
You are confused.
You feel invigorated. The orc is struck by your spines. The orc misses you.
Something hits you.
* * * LOW HITPOINT WARNING * * *
The orc priest begins to cast a cantrip, but forgets the words!
The orc priest hits you with a +0 hand axe.
* * * LOW HITPOINT WARNING * * *
The orc priest barely misses you. The orc is struck by your spines.
You kill the orc!
Something hits you but does no damage.
The orc priest calls down the wrath of Beogh upon you.
Beogh smites you!
You die...

.# #.# ## . #.# #.. ...
#.# ##.. .>..###
#<#####...
#.....#####....o..# #.
#...†##l......# ..
.######@#†.......# .#
......o){oo.o....###.#
...(...o.###.#.......###
..$....#...#)#.........#
.......###.#.#......##.
....... ...#.##..##
....... ..#.##.##
....... #..#.##.# .
....... #..#.##.###...


You could see 2 orc priests and 3 orcs.

Vanquished Creatures
  Sigmund (D:2)
  An orc warrior (D:4)
  A black bear (D:5)
  An ogre (D:4)
  A phantom (D:5)
  2 scorpions
  2 hounds
  A jelly (D:5)
  2 iguanas
  2 orc wizards (D:5)
  An adder (D:3)
  A worm (D:2)
  4 dart slugs
  6 orcs (D:5)
  7 ball pythons
  4 endoplasms
  2 giant cockroaches
  9 goblins
  4 hobgoblins
  2 quokkas
  3 bats
  A frilled lizard (D:2)
  3 kobolds
  3 rats
64 creatures vanquished.

Vanquished Creatures (others)
  2 plants (D:5)
2 creatures vanquished.

Grand Total: 66 creatures vanquished

Notes
Turn   | Place    | Note
-------+----------+-------------------------------------------
     0 | D:1      | qeuew the Demonspawn Monk began the quest for the Orb.
     0 | D:1      | Reached XP level 1. HP: 18/18 MP: 1/1
   357 | D:1      | Gained mutation: You are partially covered in sharp spines.
                  | [demonic ancestry]
   357 | D:1      | Reached XP level 2. HP: 24/24 MP: 2/2
   612 | D:2      | Reached skill level 1 in Armour
   616 | D:2      | Reached skill level 3 in Long Blades
   715 | D:2      | Noticed Sigmund
   726 | D:2      | Killed Sigmund
   727 | D:2      | Gained mutation: You are mostly covered in sharp spines.
                  | [demonic ancestry]
   727 | D:2      | Reached XP level 3. HP: 19/30 MP: 3/3
   727 | D:2      | Gained mutation: You are partially covered in thin metallic
                  | scales. (AC +2) [demonic ancestry]
   727 | D:2      | Reached XP level 4. HP: 24/37 MP: 4/4
   727 | D:2      | Reached XP level 5. HP: 27/42 MP: 5/5
   808 | D:2      | Identified the +0 helmet "Houduoca" {Int+2}
  1131 | D:2      | Found a faded altar of an unknown god.
  1520 | D:3      | Found a stormy altar of Qazlal.
  1571 | D:3      | Found a snail-covered altar of Cheibriados.
  1785 | D:3      | Reached skill level 4 in Long Blades
  1905 | D:3      | Found Rocwucs's Assorted Antiques.
  1995 | D:3      | Found a runed translucent door.
  1998 | D:3      | Noticed patfeehan111222's ghost (novice MiBe)
  2348 | D:4      | Noticed an ogre
  2358 | D:4      | Killed an ogre
  2359 | D:4      | Gained mutation: Your demonic aura sometimes causes spilled
                  | blood to erupt in flames. [demonic ancestry]
  2359 | D:4      | Reached XP level 6. HP: 17/48 MP: 6/6
  3134 | D:4      | Got Sif Muna's Vellum of the United Faeries
  3157 | D:4      | Noticed an orc warrior
  3185 | D:4      | Killed an orc warrior
  3186 | D:4      | Reached XP level 7. HP: 21/54 MP: 7/7
  3435 | D:5      | Entered Level 5 of the Dungeon
  3484 | D:5      | Reached skill level 5 in Long Blades
  3512 | D:5      | Killed from afar by an orc priest

Illustrated notes

Levels and vault maps discovered:
D:1:      evilmike_arrival_plus, layout_basic
D:2:      layout_rooms, hellmonk_ecumenical_altar_heavens_door, uniq_sigmund
D:3:      layout_loops_corners, mainiacjoe_overflow_large_starburst,
          serial_shops, nicolae_shop_behind_doors, ebering_ghost_sewer_d,
          minmay_goblin_outpost
D:4:      nicolae_cairo_tiling_large_dashed, layout_basic,
          minmay_misc_feat_hallway, st_stairs_13, minmay_puff
D:5:      layout_rooms, nicolae_vehumet_radiance, kennysheep_boxes

Skill      XL: |  1  2  3  4  5  6  7 |
---------------+----------------------+-----
Armour         | 2 3 4 |  4.4
Long Blades    | 3 4 5 |  5.3
Dodging        | 3 4 |  4.2
Fighting       | 4 |  4.6
Stealth        | |  1.7

Action                     |  1- 3 |  4- 6 |  7- 9 || total
---------------------------+-------+-------+-------++-------
  Melee: Falchion          |    40 |    87 |    38 ||   165
    Use: Scroll            |     5 |     5 |     2 ||    12
         Potion            |     3 |     6 |     2 ||    11
   Stab: Sleeping          |     3 |       |       ||     3
         Distracted        |       |     1 |       ||     1
 Armour: Robe              |     2 |       |       ||     2
         Ring mail         |       |    22 |    32 ||    54
  Dodge: Dodged            |    17 |    50 |    29 ||    96

Table legend: (Time is in decaauts)
 A = Elapsed time spent in this place.
 B = Non-inter-level travel time spent in this place.
 C = Inter-level travel time spent in this place.
 D = Time resting spent in this place.
 E = Time spent auto-exploring this place.
 F = Levels seen in this place.
 G = Mean time per level.
                   A        B        C        D        E       F      G
               +--------+--------+--------+--------+--------+-----+--------+
         Total |   3513 |   3428 |     85 |      0 |   2883 |   5 |  702.6 |
       Dungeon |   3513 |   3428 |     85 |      0 |   2883 |   5 |  702.6 |
               +--------+--------+--------+--------+--------+-----+--------+

Top non-repeatable levels by time:
     D:4: 1112 daAuts
     D:3: 1098 daAuts
     D:2: 621 daAuts
     D:1: 607 daAuts
     D:5: 73 daAuts
